 Dungeon Crawl Stone Soup version 0.23.2-40-g277498a001 (webtiles) character file.

Game seed: 4021543044707948537

112 Descartes the Skirmisher (level 5, 0/43 HPs)
             Began as a Formicid Abyssal Knight on Sept 22, 2019.
             Was a Believer of Lugonu.
             Succumbed to a scorpion's poison
             ... on level 2 of the Dungeon.
             The game lasted 00:02:41 (1451 turns).

Descartes the Skirmisher (Formicid Abyssal Knight)  Turns: 1451, Time: 00:02:42

Health: 0/43       AC:  5    Str: 16    XL:     5   Next: 16%
Magic:  6/6        EV: 11    Int: 12    God:    Lugonu [**....]
Gold:   94         SH:  0    Dex: 11    Spells: 4/4 levels left

rFire    . . .     SeeInvis +   a - +1 falchion
rCold    . . .     Gourm    .   (no shield)
rNeg     . . .     Faith    .   k - +0 ring mail
rPois    .         Spirit   .   (helmet unavailable)
rElec    .         Reflect  .   (no cloak)
rCorr    .         Harm     .   (no gloves)
MR       .....                  (no boots)
Stlth    +.........             (no amulet)
HPRegen  0.14/turn              (no ring)
MPRegen  0.10/turn              (no ring)

@: lethally poisoned (0 -> -7)
A: permanent stasis, dig shafts and tunnels, four strong arms, antennae 3
a: Dig, Shaft Self, Depart the Abyss, Bend Space, Renounce Religion


You were on level 2 of the Dungeon.
You worshipped Lugonu.
Lugonu was pleased with you.
You were not hungry.

You visited 1 branch of the dungeon, and saw 2 of its levels.
You visited the Abyss 1 time.

You collected 94 gold pieces.

Inventory:

Hand Weapons
 a - a +1 falchion (weapon)
 h - a +0 hunting sling
Missiles
 i - 42 stones (quivered)
 j - 32 arrows
 o - 23 sling bullets
Armour
 b - a +0 leather armour
 k - a +0 ring mail (worn)
Scrolls
 d - 2 scrolls of identify {unknown}
 e - 2 scrolls of enchant armour {unknown}
 f - 2 scrolls of remove curse {unknown}
 g - a scroll of fog {unknown}
 l - a scroll of fear {unknown}
 m - a scroll of amnesia {unknown}
Comestibles
 c - 2 rations
 n - a chunk of flesh


   Skills:
 + Level 4.3 Fighting
 + Level 3.4 Long Blades
 + Level 3.0 Armour
 + Level 1.4 Dodging
 + Level 0.1 Stealth
 + Level 2.2 Invocations


You had 4 spell levels left.
You didn't know any spells.
Your spell library was empty.

Dungeon Overview and Level Annotations

Branches:
Dungeon (2/15)

Altars:
Hepliaklqana


Innate Abilities, Weirdness & Mutations

You cannot be hasted, slowed, berserked, paralysed or teleported.
You can dig through walls and to a lower floor.
Your four strong arms can wield two-handed weapons with a shield.
You have a pair of large antennae on your head. (SInv)


Message History

You feel sick.
* * * LOW HITPOINT WARNING * * *
You feel sick.
You see here an adder corpse.
You butcher the adder corpse.
* * * LOW HITPOINT WARNING * * *
You feel sick.
Things that are here:
2 chunks of flesh; an adder skeleton You aren't carrying any potions.
Unknown command.
You aren't carrying any potions.
* * * LOW HITPOINT WARNING * * *
You feel sick.
* * * LOW HITPOINT WARNING * * *
You feel sick.
* * * LOW HITPOINT WARNING * * *
You feel sick.
Unknown command.
You die...

#........##############.#
#..................# #.#
#.......##########.####.#
#.......###.............#
######........##.#.######
#......[.##.#.#
#......รท.####.#
#........####.#
#..........@..#
#........####........
#........# +........
#.######## #........ ..
#........ #......$.
#........ #.......[


There were no monsters in sight!

Vanquished Creatures
  A scorpion (D:2)
  3 adders (D:2)
  An ooze (D:1)
  A worm (D:2)
  A leopard gecko (D:1)
  4 bats (D:1)
  A giant cockroach (D:1)
  4 goblins
  3 hobgoblins (D:1)
  2 quokkas (D:2)
  A frilled lizard (D:2)
  4 kobolds
  5 rats
31 creatures vanquished.

Vanquished Creatures (others)
  5 toadstools (D:1)
5 creatures vanquished.

Grand Total: 36 creatures vanquished

Notes
Turn   | Place    | Note
-------+----------+-------------------------------------------
     0 | Abyss:1  | Descartes the Formicid Abyssal Knight began the quest for
                  | the Orb.
     0 | Abyss:1  | Reached XP level 1. HP: 18/18 MP: 2/2
    32 | Abyss:1  | Noticed a rakshasa
    43 | D:1      | Escaped the Abyss
   171 | D:1      | Reached XP level 2. HP: 19/24 MP: 3/3
   664 | D:1      | Reached skill level 1 in Dodging
   687 | D:1      | Reached XP level 3. HP: 28/30 MP: 4/4
   883 | D:2      | Reached ** piety under Lugonu
   897 | D:2      | Found a hazy altar of Hepliaklqana.
  1071 | D:2      | Reached XP level 4. HP: 4/37 MP: 5/5
  1437 | D:2      | Reached skill level 4 in Fighting
  1442 | D:2      | Reached XP level 5. HP: 8/43 MP: 6/6
  1447 | D:2      | HP: 2/43 [poisoned by a scorpion]
  1451 | D:2      | Succumbed to a scorpion's poison

Skill      XL: |  1  2  3  4 |
---------------+-------------+-----
Dodging        | 1 |  1.4
Long Blades    | 3 |  3.4
Fighting       | 4 |  4.3
Armour         | 3 |  3.0
Stealth        | |  0.1
Invocations    | |  2.2

Action                   |  1- 3 |  4- 6 || total
-------------------------+-------+-------++-------
Melee: Falchion          |    83 |    30 ||   113
  Eat: Chunk             |       |     2 ||     2
Armor: Leather armour    |    16 |       ||    16
       Ring mail         |     9 |    12 ||    21
Dodge: Dodged            |    70 |    13 ||    83
       Rpst.: Falchion   |    18 |     3 ||    21
